 Dungeon Crawl Stone Soup version 0.27.1-34-g3ba077fa99 (webtiles) character file.

Game seed: 2243570244870773101

54 cbfl8 the Sneak (level 3, 0/33 HPs)
             Began as a Minotaur Delver on Jan 20, 2022.
             Was an Initiate of Yredelemnul.
             Slain by Sigmund (9 damage)
             ... on level 2 of the Dungeon.
             The game lasted 00:03:12 (1116 turns).

cbfl8 the Sneak (Minotaur Delver)                   Turns: 1116, Time: 00:03:13

Health: 0/33       AC:  8    Str: 16    XL:     3   Next: 66%
Magic:  2/2        EV:  4    Int:  8    God:    Yredelemnul [......]
Gold:   77         SH:  0    Dex: 11    Spells: 2/2 levels left

rFire    . . .     SeeInvis .   a - +0 hand axe
rCold    . . .     Faith    .   (no shield)
rNeg     . . .     Spirit   .   m - +0 chain mail {rPois}
rPois    +         Reflect  .   (helmet restricted)
rElec    .         Harm     .   (no cloak)
rCorr    .         Rampage  .   (no gloves)
Will     .....                  (no boots)
Stlth    ..........             (no amulet)
HPRegen  0.11/turn              l - ring of flight
MPRegen  0.08/turn              (no ring)

@: about to teleport, flying, constricted
A: horns 2, retaliatory headbutt
a: Renounce Religion


You were on level 2 of the Dungeon.
You worshipped Yredelemnul.
Yredelemnul was noncommittal.
You visited 2 branches of the dungeon, and saw 5 of its levels.

You collected 77 gold pieces.

Inventory:

Hand Weapons
 a - a +0 hand axe (weapon)
Armour
 b - a +0 leather armour
 m - a +0 chain mail of poison resistance (worn)
Jewellery
 l - a ring of flight (left hand)
Wands
 g - a wand of digging (3)
Scrolls
 d - a scroll of magic mapping
 h - a scroll of teleportation
Potions
 f - a potion of haste
 i - a potion of heal wounds {unknown}
 j - a potion of ambrosia {unknown}
 k - a potion of lignification {unknown}


   Skills:
 + Level 3.9 Fighting
 + Level 3.0 Axes
 + Level 0.8 Armour
 + Level 2.6 Dodging
 + Level 4.7 Stealth


You had 2 spell levels left.
You didn't know any spells.
Your spell library was empty.

Dungeon Overview and Level Annotations

Branches:
Dungeon (5/15)             Temple (1/1) D:4

Altars:
Ashenzari
Cheibriados
Dithmenos
Elyvilon
Gozag
Kikubaaqudgha
Makhleb
Nemelex Xobeh
Okawaru
Qazlal
Sif Muna
Trog
Vehumet
Wu Jian
Xom
Yredelemnul
Zin

Annotations:
D:2 Sigmund
D:4 1 runed translucent door, Crazy Yiuf


Innate Abilities, Weirdness & Mutations

You have a pair of horns on your head.
You reflexively headbutt those who attack you in melee.


Message History

Something tries to affect you, but you resist.
A magic dart appears from out of thin air!
The magic dart hits you but does no damage.
The rat twitches its whiskers.
A goblin comes into view. It is wielding a +0 club.
The goblin shouts!
A magic dart appears from out of thin air!
The magic dart hits you but does no damage.
The goblin drinks a potion.
The goblin suddenly seems more resistant.
A quokka comes into view.
The goblin unwields a +0 club.
The goblin wields a +0 hunting sling.
The goblin shoots a stone.
The stone barely misses you.
A ball python comes into view.
The goblin shoots a stone.
The stone hits you.
* * * LOW HITPOINT WARNING * * *
Found a throwing net.
The ball python hisses angrily.
You hit the quokka.
The quokka is moderately wounded.
The quokka bites you but does no damage.
You hit the quokka but do no damage.
The quokka is moderately wounded.
You hit the goblin.
You kill the goblin!
Yredelemnul accepts your kill.
The quokka bites you but does no damage.
Something hits you but does no damage.
The quokka bites you but does no damage.
Your Axes skill increases to level 3!
As you read the scroll labelled QOIROR IZAFIDD, it crumbles to dust.
You feel strangely unstable.
It was a scroll of teleportation.
The ball python completely misses you. You furiously retaliate!
You headbutt the ball python, but do no damage.
The ball python grabs you. The ball python constricts you.
The quokka bites you.
* * * LOW HITPOINT WARNING * * *
Something hits you!
You die...
Your body rises from the dead as a mindless zombie.

###...# #.#
##### #. #.#
#. #.# #.
#.# #. #r#
#. #{# #.
#.#
...###)###.#
......r@..r#
(.....S#####
##.####


You could see a quokka, a ball python and a rat.

Vanquished Creatures
  3 adders
  A worm (D:2)
  A dart slug (D:2)
  An endoplasm (D:3)
  3 goblins
  2 hobgoblins (D:3)
  4 jackals (D:2)
  2 bats
  A frilled lizard (D:3)
  2 kobolds (D:3)
  A rat (D:3)
21 creatures vanquished.

Vanquished Creatures (others)
  A withered plant (D:3)
1 creature vanquished.

Grand Total: 22 creatures vanquished

Notes
Turn   | Place    | Note
-------+----------+-------------------------------------------
     0 | D:5      | cbfl8 the Minotaur Delver began the quest for the Orb.
     0 | D:5      | Reached XP level 1. HP: 19/19 MP: 0/0
    40 | D:5      | Reached XP level 2. HP: 9/27 MP: 1/1
   321 | D:4      | Found a staircase to the Ecumenical Temple.
   337 | Temple   | Entered the Ecumenical Temple
   515 | Temple   | Became a worshipper of Yredelemnul the Dark
   575 | D:4      | Found a runed translucent door.
   576 | D:4      | Noticed Crazy Yiuf
   834 | D:3      | Found an ancient bone altar of Kikubaaqudgha.
  1003 | D:3      | Reached XP level 3. HP: 33/33 MP: 2/2
  1074 | D:2      | Noticed Sigmund
  1116 | D:2      | Slain by Sigmund

Illustrated notes

Levels and vault maps discovered:
D:2:      layout_loops_ring, kennysheep_minor_cross, grunt_decor_arrowhead,
          uniq_sigmund
D:3:      layout_loops_corners, mainiacjoe_overflow_alcove_2,
          kiku_gazebo_garden_becter, lexackson_kobold_supper
D:4:      minmay_recursive_quarters, layout_rooms,
          mainiacjoe_overflow_tiny_flanked, minmay_temple_entry_slanted,
          uniq_crazy_yiuf_cottage
D:5:      layout_layer_cave, old_standard_altar,
          worldfamousw_hep_ancestral_shrine
Temple:   eino_temple_scatter_basement

Skill      XL: |  1  2  3 |
---------------+----------+-----
Axes           | 3 |  3.0
Fighting       | |  3.9
Armour         | |  0.8
Dodging        | |  2.6
Stealth        | |  4.7

Action                   || total
-------------------------++-------
Melee: Hand axe          ||    47
       Headbutt          ||     8
  Use: Scroll            ||     3
Armor: Leather armour    ||     5
       Chain mail        ||    29
Dodge: Dodged            ||    31
